 Dungeon Crawl Stone Soup version 0.22-b1-26-g9dbaab1 (webtiles) character file.

190 zishaf the Skirmisher (level 5, -5/50 HPs)
             Began as a Hill Orc Monk on Aug 7, 2018.
             Was a Believer of Beogh.
             Killed from afar by Natasha (8 damage)
             ... with a magic dart
             ... on level 3 of the Dungeon.
             The game lasted 00:04:44 (2521 turns).

zishaf the Skirmisher (Hill Orc Monk)               Turns: 2521, Time: 00:04:45

Health: -5/50      AC:  5    Str: 15    XL:     5   Next: 69%
Magic:  5/5        EV: 27    Int: 10    God:    Beogh [**....]
Gold:   95         SH:  0    Dex: 13    Spells: 4/4 levels left

rFire    . . .     SeeInvis .   a - +0 hand axe
rCold    + . .     Gourm    .   (no shield)
rNeg     + . .     Faith    .   o - +0 ring mail
rPois    .         Spirit   .   (no helmet)
rElec    .         Reflect  .   (no cloak)
rCorr    .         Harm     .   (no gloves)
MR       .....                  (no boots)
Stlth    +.........             p - amulet of the acrobat
HPRegen  0.16/turn              f - ring of protection from cold
MPRegen  0.09/turn              n - ring of positive energy

@: no status effects
A: no striking features
a: Smiting, Renounce Religion


You were on level 3 of the Dungeon.
You worshipped Beogh.
Beogh was pleased with you.
You were hungry.

You visited 1 branch of the dungeon, and saw 3 of its levels.

You collected 95 gold pieces.

Inventory:

Hand Weapons
 a - a +0 hand axe (weapon)
Armour
 b - a +0 robe
 o - a +0 ring mail (worn)
Jewellery
 f - a ring of protection from cold (left hand)
 n - a ring of positive energy (right hand)
 p - an amulet of the acrobat (around neck)
Wands
 q - a wand of disintegration (22)
Scrolls
 e - 3 scrolls of fog {unknown}
 g - a scroll of noise {unknown}
 h - a scroll of fear {unknown}
 i - 2 scrolls of identify {unknown}
 l - 2 scrolls of teleportation {unknown}
Potions
 d - a potion of haste {unknown}
 j - a potion of brilliance {unknown}
 k - 2 potions of curing {unknown}
 m - a potion of might {unknown}
Comestibles
 c - 5 rations
 r - a chunk of flesh


   Skills:
 + Level 5.8 Fighting
 - Level 4.0 Axes
 * Level 0.0 Armour
 - Level 4.0 Dodging
 - Level 1.5 Stealth
 * Level 0.0 Invocations


You had 4 spell levels left.
You didn't know any spells.
Your spell library was empty.

Dungeon Overview and Level Annotations

Branches:
Dungeon (3/15)

Altars:
Ru

Annotations:
D:3 Natasha, Sigmund


Message History

You are feeling hungry.
Natasha casts a spell at you. The magic dart hits you!
* * * LOW HITPOINT WARNING * * *
Something misses you. The leopard gecko closely misses you.
Natasha completely misses you. Natasha completely misses you.
Natasha stares at you and mumbles some strange words.
The magic dart hits you!
* * * LOW HITPOINT WARNING * * *
You feel yourself speed up. Natasha misses you.
You hit Natasha but do no damage. Natasha closely misses you.
You closely miss Natasha. Natasha casts a spell at you.
The magic dart hits you!
* * * LOW HITPOINT WARNING * * *
Natasha stares at you and mumbles some strange words.
The magic dart hits you!
You die...

##.## ##.#.##
#######.###.##
#.......# ##..
#.#####.###.## #.#
#..#.... #.#
##....... ######.#
#.....)..
#.@.hl{####.#..####
#.####.........#
#.# ####.##...# #.#
#.##.#.# #.#
#.#....# #.#
........ #.#
#.#....#. #.#
####.#.#.# #.#
#.#.. .


You could see Natasha and a leopard gecko.

Vanquished Creatures
  An orc wizard (D:3)
  Jessica (D:2)
  Natasha (D:3)
  3 adders (D:2)
  An ooze (D:2)
  3 worms
  A dart slug (D:1)
  2 leopard geckos
  2 orcs (D:3)
  A ball python (D:3)
  3 giant cockroaches
  11 hobgoblins
  6 bats
  6 frilled lizards
  6 goblins
  14 kobolds
  7 rats
69 creatures vanquished.

Vanquished Creatures (others)
  An orc priest (D:3)
  An orc (D:3)
  A rat (D:3)
3 creatures vanquished.

Grand Total: 72 creatures vanquished

Notes
Turn   | Place    | Note
-------+----------+-------------------------------------------
     0 | D:1      | zishaf the Hill Orc Monk began the quest for the Orb.
     0 | D:1      | Reached XP level 1. HP: 19/19 MP: 1/1
    97 | D:1      | Reached XP level 2. HP: 16/27 MP: 2/2
    97 | D:1      | Reached skill level 4 in Fighting
   748 | D:1      | Reached XP level 3. HP: 23/34 MP: 3/3
  1468 | D:2      | Noticed Jessica
  1482 | D:2      | Reached XP level 4. HP: 32/41 MP: 4/4
  1523 | D:2      | Killed Jessica
  1523 | D:2      | Reached skill level 5 in Fighting
  2002 | D:3      | Found a faded altar of an unknown god.
  2019 | D:2      | Reached XP level 5. HP: 21/48 MP: 5/5
  2246 | D:3      | Became a worshipper of Beogh the Brigand
  2246 | D:3      | Reached * piety under Beogh
  2246 | D:3      | Reached ** piety under Beogh
  2323 | D:3      | Found a sacrificial altar of Ru.
  2472 | D:3      | Noticed Natasha
  2486 | D:3      | Killed Natasha
  2496 | D:3      | Noticed Natasha
  2499 | D:3      | Noticed Sigmund
  2521 | D:3      | Killed from afar by Natasha

Skill      XL: |  1  2  3  4  5 |
---------------+----------------+-----
Fighting       | 4 5 |  5.8
Dodging        | 3 4 |  4.0
Axes           | |  4.0
Stealth        | |  1.5

Action                   |  1- 3 |  4- 6 || total
-------------------------+-------+-------++-------
Melee: Hand axe          |   108 |   126 ||   234
Invok: Convert to Beogh  |       |     1 ||     1
 Stab: Sleeping          |     1 |       ||     1
       Paralysed         |       |     3 ||     3
  Eat: Chunk             |     2 |     3 ||     5
Armor: Robe              |    18 |     1 ||    19
       Ring mail         |       |    43 ||    43
Dodge: Dodged            |    87 |   117 ||   204
